 Dungeon Crawl Stone Soup version 0.19.5 (webtiles) character file.

140 mcbry the Ruffian (level 5, 0/53 HPs)
             Began as a Troll Monk on May 10, 2017.
             Was a Believer of Dithmenos.
             Slain by a gnoll
             ... wielding a +0 halberd
              (8 damage)
             ... on level 3 of the Dungeon.
             The game lasted 00:09:02 (1468 turns).

mcbry the Ruffian (Troll Monk)                      Turns: 1468, Time: 00:09:02

Health: 0/53       AC:  5    Str: 20    XL:     5   Next: 2%
Magic:  4/4        EV: 10    Int:  6    God:    Dithmenos [**....]
Gold:   173        SH:  0    Dex: 12    Spells: 0 memorised, 4 levels left

rFire  . . .     SeeInvis .       - Unarmed
rCold  . . .     Gourm    +     a - +0 robe
rNeg   . . .     Faith    .     (no shield)
rPois  .         Spirit   .     (helmet restricted)
rElec  .         Reflect  .     (no cloak)
rCorr  .         Harm     .     (gloves unavailable)
MR     .....                    (boots unavailable)
Stlth  ++........               i - amulet of rage
                                (no ring)
                                (no ring)

@: exhausted, slowed, wreathed by umbra, very slow
A: unfitting armour, claws 3, fast metabolism 3, gourmand, regeneration 1,
shaggy fur 1, tough skin 2
a: Shadow Step, Renounce Religion, Evoke Berserk Rage


You were on level 3 of the Dungeon.
You worshipped Dithmenos.
Dithmenos was pleased with you.
You were not hungry.

You visited 1 branch of the dungeon, and saw 3 of its levels.

You collected 173 gold pieces.

Inventory:

Missiles
 n - a throwing net (quivered)
Armour
 a - a +0 robe (worn)
Jewellery
 i - an amulet of rage (around neck)
Scrolls
 c - a scroll of enchant weapon {unknown}
 h - a scroll of blinking {unknown}
 j - 2 scrolls of magic mapping {unknown}
 l - a scroll of recharging {unknown}
 o - a scroll of immolation {unknown}
Potions
 d - a potion of haste {unknown}
 e - 2 potions of invisibility {unknown}
 g - a potion of might {unknown}
 k - a potion of degeneration {unknown}
 m - 2 potions of curing {unknown}
Comestibles
 b - 2 bread rations
 f - a beef jerky


   Skills:
 + Level 3.3 Fighting
 + Level 2.8 Dodging
 - Level 1.0 Stealth
 * Level 4.4 Unarmed Combat
 + Level 0.7 Evocations


You had 4 spell levels left.
You didn't know any spells.

Dungeon Overview and Level Annotations

Branches:
Dungeon (3/15)

Altars:
Dithmenos


Innate Abilities, Weirdness & Mutations

You are too large for most types of armour.
You have claws for hands.
Your metabolism is lightning-fast.
You like to eat raw meat.
Your natural rate of healing is unusually fast.
You are covered in fur. (AC +1)
You have very tough skin. (AC +2)


Message History

You are no longer berserk.
You are exhausted.
You feel yourself slow down. The gnoll hits you with a halberd!
* * * LOW HITPOINT WARNING * * *
The gnoll hits you but does no damage.
There is an open door, spattered with blood here.
Things that are here:
a club; a jackal corpse You barely miss the gnoll.
The gnoll barely misses you. The gnoll hits you with a spear.
* * * LOW HITPOINT WARNING * * *
Aiming: Shadow Step
Press: ? - help, Dir - move target cursor, f - gnoll
Aim: a gnoll, wielding a spear (umbra) That shadow isn't sufficiently still.
Okay, then.
You claw the gnoll!
The gnoll is severely wounded.
The gnoll hits you with a halberd!
You die...

#.... #........#
...... #........#
...... #........#
.......##........#
..........#.####.#
#........#.## #.#
#........#..# #.# #
#........##.###.#
#.##.......g@......#
.!........g###.##.#
#........# #..#.#
#........# ##.#.#
######........# ...#
..............# #..#
..............# ..#
........####.## ..#
........+ #.# .>#


You could see 2 gnolls.

Vanquished Creatures
  A crimson imp (D:3)
  2 gnolls (D:3)
  3 adders
  A worm (D:2)
  3 dart slugs
  2 leopard geckos
  2 giant cockroaches (D:2)
  7 goblins
  5 hobgoblins
  5 jackals
  2 kobolds
  6 bats
  3 frilled lizards (D:1)
  9 rats
51 creatures vanquished.

Notes
Turn   | Place    | Note
-------+----------+-------------------------------------------
     0 | D:1      | mcbry the Troll Monk began the quest for the Orb.
     0 | D:1      | Reached XP level 1. HP: 22/22 MP: 0/0
   161 | D:1      | Reached XP level 2. HP: 29/29 MP: 1/1
   781 | D:2      | Reached XP level 3. HP: 37/37 MP: 2/2
  1228 | D:2      | Reached XP level 4. HP: 45/45 MP: 3/3
  1388 | D:3      | Found a shadowy altar of Dithmenos.
  1391 | D:3      | Became a worshipper of Dithmenos the Shadowed
  1391 | D:3      | Reached * piety under Dithmenos
  1391 | D:3      | Reached ** piety under Dithmenos
  1452 | D:3      | Reached skill level 4 in Unarmed Combat
  1465 | D:3      | Reached XP level 5. HP: 31/53 MP: 4/4
  1468 | D:3      | Slain by a gnoll

Skill      XL: |  1  2  3  4 |
---------------+-------------+-----
Fighting       | 3 |  3.3
Unarmed Combat | 4 |  4.4
Dodging        | |  2.8
Stealth        | |  1.0
Evocations     | |  0.7

Action                   |  1- 3 |  4- 6 || total
-------------------------+-------+-------++-------
Melee: Unarmed           |   104 |    25 ||   129
       Punch             |     1 |     2 ||     3
 Abil: Evoke Berserk Rag |     1 |     2 ||     3
 Stab: Sleeping          |     5 |     1 ||     6
  Eat: Chunk             |    14 |     1 ||    15
Armor: Robe              |    44 |     5 ||    49
Dodge: Dodged            |    41 |    21 ||    62
